 Dungeon Crawl Stone Soup version 0.29-a0-43-g62a80824bf (webtiles) character file.

Game seed: 11702378423323716680

25 HallandMoats the Skirmisher (level 3, 0/26 HPs)
             Began as an Octopode Fighter on Feb 3, 2022.
             Slain by a gnoll (6 damage)
             ... on level 2 of the Dungeon.
             The game lasted 00:00:38 (51 turns).

HallandMoats the Skirmisher (Octopode Fighter)        Turns: 51, Time: 00:00:38

Health: 0/26       AC:  1    Str: 17    XL:     3   Next: 4%
Magic:  3/3        EV: 13    Int: 10    God:
Gold:   0          SH:  4    Dex: 11    Spells: 2/2 levels left

rFire   . . .      SeeInvis .   a - +0 trident
rCold   . . .      Faith    .   b - +0 buckler
rNeg    . . .      Spirit   .   (helmet restricted)
rPois   .          Reflect  .   (no amulet)
rElec   .          Harm     .   (no ring)
rCorr   .          Rampage  .   (no ring)
Will    .....                   (no ring)
Stlth   ++........              (no ring)
HPRegen 0.08/turn               (no ring)
MPRegen 0.08/turn               (no ring)
                                (no ring)
                                (no ring)

@: mighty
A: almost no armour, amphibious, 8 rings, camouflage 1, gelatinous body 1,
(nimble swimmer 1), tentacles
a: no special abilities


You were on level 2 of the Dungeon.
You visited 1 branch of the dungeon, and saw 2 of its levels.

Inventory:

Hand Weapons
 a - a +0 trident (weapon)
Armour
 b - a +0 buckler (worn)


   Skills:
 * Level 3.2 Fighting
 * Level 2.2 Polearms
 + Level 3.1 Dodging
 + Level 3.0 Shields
 + Level 0.4 Spellcasting
 + Level 0.4 Transmutations
 + Level 0.3 Earth Magic
 * Level 1.1 Invocations


You had 2 spell levels left.
You didn't know any spells.
Your spell library was empty.

Dungeon Overview and Level Annotations

Branches:
Dungeon (1/15)

Altars:


Innate Abilities, Weirdness & Mutations

You cannot wear most types of armour.
You are amphibious.
You can wear up to eight rings at the same time.
Your skin changes colour to match your surroundings (Stealth+).
Your rubbery body absorbs attacks. (AC +1, EV +1)
((You are camouflaged when in or above water. (Stealth+)))
You have tentacles for arms and can constrict up to eight enemies at once.


Message History

You hear a shout!
A quokka comes into view.
The gnoll misses you.
You hit the gnoll.
The gnoll is moderately wounded.
You constrict the gnoll. The gnoll hits you with a +0 flail!
Ouch! That really hurt!
* * * LOW HITPOINT WARNING * * *
You hit the gnoll. You squeeze the gnoll.
The gnoll is almost dead.
You constrict the gnoll.
You kill the gnoll!
You have reached level 2!
You closely miss the gnoll. You grab the gnoll. You constrict the gnoll.
The gnoll barely misses you.
You hit the gnoll but do no damage. You squeeze the gnoll!
The gnoll is severely wounded.
You constrict the gnoll, but do no damage.
The gnoll misses you.
You hit the gnoll but do no damage.
The gnoll is severely wounded.
You constrict the gnoll. The gnoll barely misses you.
You hit the gnoll.
You kill the gnoll!
A gnoll comes into view. It is wielding a +0 spear.
Your Invocations skill increases to level 1!
You have reached level 3!
Your experience leads to an increase in your attributes!
Increase (S)trength, (I)ntelligence, or (D)exterity?
You feel stronger. x2
Unknown command.
You feel very mighty all of a sudden. The goblin closely misses you.
The gnoll completely misses you.
You barely miss the goblin. Your grab misses the goblin.
The goblin closely misses you. The gnoll misses you.
The goblin barely misses you.
You closely miss the goblin. You grab the goblin. You tentacle-slap the goblin.
You kill the goblin!
The gnoll hits you with a +0 club.
You die...

#### ..# ##.## ...#
#..# . #..########
....#####..........
....grg@)..........
....######.........
. #.........
#.........
#.######## #.. ###


You could see 2 gnolls and a quokka.

Vanquished Creatures
  2 gnolls (D:2)
  A ball python (D:2)
  An endoplasm (D:1)
  A goblin (D:2)
  A hobgoblin (D:1)
  A quokka (D:1)
7 creatures vanquished.

Notes
Turn   | Place    | Note
-------+----------+-------------------------------------------
     0 | D:1      | HallandMoats the Octopode Fighter began the quest for the
                  | Orb.
     0 | D:1      | Reached XP level 1. HP: 16/16 MP: 1/1
    34 | D:1      | You fall into a shaft and drop 1 floor!
    45 | D:2      | Reached XP level 2. HP: 4/21 MP: 2/2
    49 | D:2      | Reached skill level 1 in Invocations
    49 | D:2      | Reached XP level 3. HP: 5/26 MP: 3/3
    51 | D:2      | Slain by a gnoll

Illustrated notes

Levels and vault maps discovered:
D:1:      shiori_arrival_oz, layout_loops_ring, ebering_ecumenical_altar_box
D:2:      layout_basic, chequers_jeans

Skill      XL: |  1  2 |
---------------+-------+-----
Invocations    | 1 |  1.1
Fighting       | |  3.2
Polearms       | |  2.2
Dodging        | |  3.1
Shields        | |  3.0
Spellcasting   | |  0.4
Transmutations | |  0.4
Earth Magic    | |  0.3

Action                   || total
-------------------------++-------
Melee: Trident           ||    16
       Constrict         ||     5
       Tentacles         ||     3
       Punch             ||     1
  Use: Potion            ||     1
 Stab: Sleeping          ||     1
Dodge: Dodged            ||    12
Block: Buckler           ||     2

Table legend: (Time is in decaauts)
 A = Elapsed time spent in this place.
 B = Non-inter-level travel time spent in this place.
 C = Inter-level travel time spent in this place.
 D = Time resting spent in this place.
 E = Time spent auto-exploring this place.
 F = Levels seen in this place.
 G = Mean time per level.
                   A        B        C        D        E       F      G
               +--------+--------+--------+--------+--------+-----+--------+
         Total |     54 |     54 |      0 |      0 |      1 |   2 |   27.0 |
       Dungeon |     54 |     54 |      0 |      0 |      1 |   2 |   27.0 |
               +--------+--------+--------+--------+--------+-----+--------+

Top non-repeatable levels by time:
     D:1: 35 daAuts
     D:2: 18 daAuts
